[Event "Early-Titled-Tuesday-Blitz-October-24-2023"]
[Site "Chess.com"]
[Date "2023.10.24"]
[Round "2"]
[White "RamyresCoelho"]
[Black "kuanysh1981"]
[Result "1-0"]
[WhiteElo "2291"]
[BlackElo "2491"]
[TimeControl "180+1"]
[EndTime "8:14:41 PDT"]
[Termination "RamyresCoelho won by resignation"]

1. e4 c5 2. Nf3 e6 3. d4 cxd4 4.
c3 a6 5. cxd4 d5 6. e5 Nc6 7.
Nc3 f6 8. exf6 Nxf6 9. Bd3 Bd6 10. O-O O-O 11. Re1 Bd7 12. Bg5 Rc8 13. Qe2 Qb6 14. Be3 Kh8 15. Na4 Qc7 16. Nc5 Bxc5 17. dxc5 e5 18.
Bb1 Bg4 19. h3 Bh5 20. g4 Nxg4 21. hxg4 Bxg4 22. Qc2 e4 23. Nh2 Bh3 24. Qe2 Qf7 25.
Kh1 Rce8 26. Bc2 d4 27. Bb3 Qf5 28. Bd2 Qxc5 29. Rg1 e3 30. fxe3 dxe3 31. Bc3 Nd4 32. Qc4 Qxc4 33. Bxc4 Nf5 34. Nf3 b5 35. Bd3 Rf7 36.
Ng5 1-0

[Event "Early-Titled-Tuesday-Blitz-October-24-2023"]
[Site "Chess.com"]
[Date "2023.10.24"]
[Round "2"]
[White "OhanyanEminChess"]
[Black "FoxOnTheRun97"]
[Result "1-0"]
[WhiteElo "2811"]
[BlackElo "2544"]
[TimeControl "180+1"]
[EndTime "8:14:46 PDT"]
[Termination "OhanyanEminChess won by resignation"]

1. d4 Nf6 2. c4 e6 3. Nf3 d5 4. Nc3 Be7 5. Bf4 O-O 6. e3 b6 7. Bd3 dxc4 8. Bxc4 Bb7 9. O-O c5 10. dxc5 Bxc5 11. a3 a5 12. Na4 Nbd7 13. Nxc5 Nxc5 14. Qxd8 Raxd8 15. Bc7 Rc8 16. Bd6 Rfd8 17. Be7 Rd7 18. Bxf6 gxf6 19. Bb5 Rd5 20. Rac1 Ne4 21. Rxc8+ Bxc8 22. Bc6 Nd2 23. Bxd5 Nxf1 24. Bc4 1-0

[Event "Early-Titled-Tuesday-Blitz-October-24-2023"]
[Site "Chess.com"]
[Date "2023.10.24"]
[Round "2"]
[White "alfianasybullina"]
[Black "CristianS27"]
[Result "0-1"]
[WhiteElo "2289"]
[BlackElo "2521"]
[TimeControl "180+1"]
[EndTime "8:14:51 PDT"]
[Termination "CristianS27 won by resignation"]

1. d4 Nf6 2. Nf3 g6 3. Bf4 c5 4. d5 Qb6 5. b3 Bg7 6. Be5 O-O 7. c4 d6 8. Bc3 e6 9. dxe6 Bxe6 10. e3 Nc6 11. Be2 Rad8 12. O-O d5 13. cxd5 Bxd5 14. Nbd2 Rfe8 15. Qc1 Nb4 16. Nc4 Qe6 17. Rd1 Ne4 18.
Bxg7 Kxg7 19. Qb2+ Kg8 20. a3 Nc6 21. h3 b5 22. Ncd2 Nxf2 23. e4 Nxd1 24. exd5 Qe3+ 0-1

[Event "Early-Titled-Tuesday-Blitz-October-24-2023"]
[Site "Chess.com"]
[Date "2023.10.24"]
[Round "2"]
[White "newyorkmouse"]
[Black "NowInChess"]
[Result "1-0"]
[WhiteElo "2496"]
[BlackElo "2244"]
[TimeControl "180+1"]
[EndTime "8:14:54 PDT"]
[Termination "newyorkmouse won by resignation"]

1. e4 e6 2. Nf3 d5 3. Nc3 Nf6 4.
e5 Nfd7 5. d4 c5 6. Bg5 Qb6 7. dxc5 Bxc5 8. Qd2 Nc6 9. O-O-O Bxf2 10. Na4 Qb4 11. Qxf2 Qxa4 12. Kb1 Ndxe5 13. Nxe5 Nxe5 14. Qc5 Qd7 15. Bb5 Nc6 16. Rhe1 a6 17. Rxd5 axb5 18. Rxd7 Bxd7 19. Rd1 f6 20. Be3 O-O-O 21.
Qxb5 Ne5 22. Qc5+ Kb8 23. Bf4 Rc8 24. Bxe5+ fxe5 25. Qxe5+ Rc7 26. Rxd7 1-0

[Event "Early-Titled-Tuesday-Blitz-October-24-2023"]
[Site "Chess.com"]
[Date "2023.10.24"]
[Round "2"]
[White "PenguiinQueen"]
[Black "mbachez"]
[Result "0-1"]
[WhiteElo "2200"]
[BlackElo "2469"]
[TimeControl "180+1"]
[EndTime "8:14:54 PDT"]
[Termination "mbachez won by resignation"]

1. e4 c6 2. Nc3 d5 3. Nf3 Bg4 4. h3 Bxf3 5. Qxf3 e6 6. d4 dxe4 7. Nxe4 Qxd4 8. Bd3 Nf6 9. O-O Nxe4 10. Bxe4 Nd7 11. Rd1 Qf6 12. Qb3 Nc5 13. Qc4 Nxe4 14. Qxe4 Bc5 15. Be3 Bxe3 16. Qxe3 O-O 17. Qb3 b6 18.
Rd6 c5 19. Rad1 Rfd8 20. Qb5 Rxd6 21. Rxd6 Rd8 22. a4 g6 23. Rxd8+ Qxd8 24. a5 Qd1+ 25. Kh2 Qd6+ 26. g3 Qd2 27. Kg2 Qxa5 28. Qxa5 bxa5 29.
Kf3 Kf8 30. Ke4 Ke7 31. Kd3 Kd6 32. Kc4 a6 0-1

[Event "Early-Titled-Tuesday-Blitz-October-24-2023"]
[Site "Chess.com"]
[Date "2023.10.24"]
[Round "2"]
[White "AnaKuchava"]
[Black "gueraumasague"]
[Result "0-1"]
[WhiteElo "2244"]
[BlackElo "2496"]
[TimeControl "180+1"]
[EndTime "8:14:58 PDT"]
[Termination "gueraumasague won by resignation"]

1. d4 g6 2. c4 Bg7 3. Nf3 c5 4. d5 f5 5. Qc2 Na6 6. a3 d6 7. Nc3 Nf6 8. e4 fxe4 9. Nxe4 Nxe4 10. Qxe4 O-O 11. Be2 Bf5 12. Qe3 Nc7 13. a4 e6 14.
dxe6 Nxe6 15. O-O Qd7 16. Rd1 Rae8 17. Qd2 Nd4 18. Nxd4 Bxd4 19. Bf3 Bg4 20. Bd5+ Kh8 21. Rf1 Be2 0-1

[Event "Early-Titled-Tuesday-Blitz-October-24-2023"]
[Site "Chess.com"]
[Date "2023.10.24"]
[Round "2"]
[White "PinaSoprano"]
[Black "wanyaland"]
[Result "0-1"]
[WhiteElo "2209"]
[BlackElo "2465"]
[TimeControl "180+1"]
[EndTime "8:14:59 PDT"]
[Termination "wanyaland won by resignation"]

1. d4 d5 2. c4 e6 3. Nf3 Nf6 4. Nc3 c6 5. e3 Nbd7 6. Bd3 dxc4 7. Bxc4 b5 8. Bd3 a6 9. O-O c5 10. e4 cxd4 11. Nxd4 Ne5 12. Bc2 Bb7 13. Bf4 Ng6 14.
Bg3 h5 15. Ndxb5 axb5 16. Nxb5 e5 17. Qe2 h4 18. Rfd1 Qb6 19. Bxe5 Nxe5 20. Kh1 Be7 21.
f4 Neg4 22. Nd4 Rd8 23. e5 Rxd4 24. Rxd4 Qxd4 25. Rf1 h3 0-1

[Event "Early-Titled-Tuesday-Blitz-October-24-2023"]
[Site "Chess.com"]
[Date "2023.10.24"]
[Round "2"]
[White "shimastream"]
[Black "RandomNoob04"]
[Result "0-1"]
[WhiteElo "2975"]
[BlackElo "2628"]
[TimeControl "180+1"]
[EndTime "8:15:06 PDT"]
[Termination "RandomNoob04 won by checkmate"]

1. Nf3 Nf6 2. c4 e6 3. g3 d5 4. Bg2 Be7 5. d4 O-O 6. Qc2 c5 7. dxc5 Bxc5 8. cxd5 Bb4+ 9. Bd2 Bxd2+ 10. Nbxd2 Nxd5 11. O-O Nc6 12. Rfd1 Qf6 13. Ne4 Qg6 14. Rac1 Rd8 15.
a3 Bd7 16. Nc5 Qxc2 17. Rxc2 Rab8 18. e4 Nb6 19. b4 Be8 20. Rdc1 Nd4 21. Nxd4 Rxd4 22.
e5 Nd5 23. Bf1 Ne7 24. f4 Bc6 25. Nb3 Rd7 26. Na5 Be4 27. Rc7 Rbd8 28. Bb5 Rd2 29.
Rxe7 Rg2+ 30. Kf1 Rxh2 31. Rcc7 Rd1# 0-1

[Event "Early-Titled-Tuesday-Blitz-October-24-2023"]
[Site "Chess.com"]
[Date "2023.10.24"]
[Round "2"]
[White "Flaccidmoves"]
[Black "Harry_Rakkel"]
[Result "0-1"]
[WhiteElo "2401"]
[BlackElo "2701"]
[TimeControl "180+1"]
[EndTime "8:15:07 PDT"]
[Termination "Harry_Rakkel won by resignation"]

1. d4 Nf6 2. c4 e6 3. Nf3 d5 4. Nc3 Nbd7 5. Bf4 dxc4 6. e3 Nd5 7. Bg5 f6 8. Bh4 Bb4 9. Nd2 Nxc3 10. bxc3 Bxc3 11.
Rb1 Nb6 12. Qh5+ g6 13. Qh6 Qe7 14. Be2 Bd7 15. Qf4 g5 16. Qxc7 Rc8 17. Qxb7 Bxd2+ 18. Kxd2 c3+ 19. Kc2 Ba4+ 20. Kd3 Qxb7 0-1

[Event "Early-Titled-Tuesday-Blitz-October-24-2023"]
[Site "Chess.com"]
[Date "2023.10.24"]
[Round "2"]
[White "EvgenyBurmakin"]
[Black "Suleyman_Chess06"]
[Result "0-1"]
[WhiteElo "2335"]
[BlackElo "2595"]
[TimeControl "180+1"]
[EndTime "8:15:07 PDT"]
[Termination "Suleyman_Chess06 won by checkmate"]

1. e4 e6 2. d4 d5 3. Nd2 Be7 4. Ngf3 Nf6 5. e5 Nfd7 6. c3 c5 7. Bd3 Nc6 8. O-O Qb6 9. Re1 a5 10. a4 cxd4 11. cxd4 Nxd4 12. Nxd4 Qxd4 13. Nf3 Qb6 14.
Bb5 O-O 15. Be3 Bc5 16. Rc1 Bxe3 17. Rxe3 Nb8 18. Nd4 Bd7 19. h4 Bxb5 20. Nxb5 Nc6 21. h5 h6 22. Qg4 f5 23. Qg6 Ne7 24. Qg3 f4 25. Qh4 fxe3 26. Qxe7 exf2+ 27. Kf1 Qe3 28. Qxe6+ Kh8 29. Rd1 Rac8 30. Nd6 Rc1 31. Qxd5 Qe1+ 32. Rxe1 fxe1=Q# 0-1

[Event "Early-Titled-Tuesday-Blitz-October-24-2023"]
[Site "Chess.com"]
[Date "2023.10.24"]
[Round "2"]
[White "Szparu"]
[Black "UK_23"]
[Result "1-0"]
[WhiteElo "2701"]
[BlackElo "2400"]
[TimeControl "180+1"]
[EndTime "8:15:10 PDT"]
[Termination "Szparu won by checkmate"]

1. e4 e5 2. Nf3 Nc6 3. Nc3 Nf6 4. Bb5 Bd6 5. d3 h6 6. a3 O-O 7. Bc4 Re8 8. g4 Be7 9. g5 hxg5 10. Nxg5 Rf8 11. Rg1 Nd4 12. Nf3 d6 13. Nxd4 exd4 14. Nd5 Nxd5 15. Bxd5 c6 16. Ba2 d5 17. Bh6 Bf6 18.
Qh5 Re8 19. O-O-O Qd6 20. f4 Kf8 21. e5 Qe6 22. exf6 gxh6 23. Qxh6# 1-0

[Event "Early-Titled-Tuesday-Blitz-October-24-2023"]
[Site "Chess.com"]
[Date "2023.10.24"]
[Round "2"]
[White "DavidLana1987"]
[Black "Drags95"]
[Result "1-0"]
[WhiteElo "2595"]
[BlackElo "2824"]
[TimeControl "180+1"]
[EndTime "8:15:11 PDT"]
[Termination "DavidLana1987 won by resignation"]

1. e4 e5 2. Nf3 Nc6 3. Bb5 a6 4. Bxc6 dxc6 5. O-O Bd6 6. d4 exd4 7. Qxd4 f6 8. Rd1 Ne7 9. Bf4 c5 10. Qd2 Nc6 11.
Bxd6 cxd6 12. Qxd6 Qxd6 13. Rxd6 Ke7 14. Rd2 Bg4 15.
Nc3 Bxf3 16. Nd5+ Kf7 17. gxf3 Ne5 18. Kg2 Nc4 19. Re2 Rad8 20. b3 Ne5 21. Rd1 Rhe8 22. Red2 Nc6 23. c3 h5 24. Nf4 h4 25.
Rd7+ Rxd7 26. Rxd7+ Re7 27. Rxe7+ Nxe7 28. Kf1 g5 29.
Nd3 b6 30. Ke2 Ng6 31. Ke3 Ne5 32. Nb2 Ke6 33. h3 Kd6 34. f4 Ng6 35. fxg5 fxg5 36. Nd3 b5 37. f4 gxf4+ 38. Nxf4 Ne5 39. Ng2 Ng6 40. Nf4 Ne5 41. Nd3 Ng6 42. c4 bxc4 43. bxc4 a5 44. Kf3 a4 45. a3 Ke6 46. Nf4+ Nxf4 47. Kxf4 1-0

[Event "Early-Titled-Tuesday-Blitz-October-24-2023"]
[Site "Chess.com"]
[Date "2023.10.24"]
[Round "2"]
[White "whiteglovethief"]
[Black "Verony64"]
[Result "1-0"]
[WhiteElo "2446"]
[BlackElo "2185"]
[TimeControl "180+1"]
[EndTime "8:15:11 PDT"]
[Termination "whiteglovethief won by resignation"]

1. d4 d6 2. Nf3 c6 3. g3 Nd7 4.
Bg2 g6 5. O-O Bg7 6. h3 e5 7. c4 e4 8. Nfd2 f5 9. e3 Ngf6 10. f3 d5 11. cxd5 cxd5 12. fxe4 fxe4 13. Nc3 O-O 14. Qb3 Nb6 15. Ndxe4 Nxe4 16. Nxe4 Rxf1+ 17. Bxf1 Be6 18. Nc5 Bf7 19. Bd2 Rb8 20. Bg2 Nc4 21.
Qc2 b6 22. Nb3 Rc8 23. Rc1 Be6 24. Bc3 Nxe3 25. Qe2 Bh6 26. Bd2 Rxc1+ 27. Bxc1 Qg5 28. Kf2 Qf5+ 29. Bf3 Qxh3 30. Bxe3 Qh2+ 31. Bg2 Bh3 32. Bxh6 Qxg2+ 33. Ke1 Qxg3+ 34. Qf2 Qxf2+ 35. Kxf2 Bf5 36. Nc1 Kf7 37. Ne2 Kf6 38. Nc3 g5 39. Nxd5+ Kg6 40. Ne7+ Kxh6 41. Nxf5+ Kh5 42. d5 Kg6 43. d6 Kf7 44. d7 1-0

[Event "Early-Titled-Tuesday-Blitz-October-24-2023"]
[Site "Chess.com"]
[Date "2023.10.24"]
[Round "2"]
[White "PattyCastillo"]
[Black "Matols"]
[Result "0-1"]
[WhiteElo "2027"]
[BlackElo "2423"]
[TimeControl "180+1"]
[EndTime "8:15:11 PDT"]
[Termination "Matols won by resignation"]

1. d4 Nf6 2. Nf3 e6 3. e3 d5 4.
Bd3 c5 5. b3 Nc6 6. Bb2 Be7 7.
O-O O-O 8. Nbd2 cxd4 9. exd4 b6 10. Ne5 Nxe5 11. dxe5 Nd7 12. Re1 Bb7 13. Re3 Bc5 14. Bxh7+ Kxh7 15. Qh5+ Kg8 16. Rh3 f6 17. Qh7+ Kf7 18. Rg3 Rg8 19. Nf3 d4 20. Qh5+ Ke7 21. exf6+ Nxf6 22. Qg6 Be4 23. Qg5 Qd5 24. Re1 Bxf3 25.
Qxd5 Bxd5 0-1

[Event "Early-Titled-Tuesday-Blitz-October-24-2023"]
[Site "Chess.com"]
[Date "2023.10.24"]
[Round "2"]
[White "JuniorJumper"]
[Black "vugarrasulov"]
[Result "0-1"]
[WhiteElo "2612"]
[BlackElo "2998"]
[TimeControl "180+1"]
[EndTime "8:15:13 PDT"]
[Termination "vugarrasulov won by checkmate"]

1. d4 a6 2. Nf3 b5 3. a4 Bb7 4.
axb5 axb5 5. Rxa8 Bxa8 6. e3 b4 7. Bd3 Nf6 8. O-O g6 9. Nbd2 Bg7 10. Qe2 O-O 11. c4 c5 12. b3 cxd4 13. exd4 d5 14.
c5 Nc6 15. Bb2 Nh5 16. Qe3 Qc7 17. Re1 Nf4 18. Bf1 Bb7 19. g3 Ne6 20. Bg2 Ra8 21. Ra1 Rxa1+ 22. Bxa1 Qa5 23. Qe1 Bf6 24. Nf1 Nxc5 25.
dxc5 Qxa1 26. Qxa1 Bxa1 27. Ne1 e6 28. Nd3 Bc3 29.
Ne3 Ba6 30. Nf4 Nd4 31. Nexd5 exd5 32. Nxd5 Nxb3 33. c6 Nd4 34. c7 Kf8 35. Bf1 Bb7 36. Nb6 b3 37. Bg2 b2 38. Bxb7 b1=Q+ 39. Kg2 Qxb6 40.
c8=Q+ Kg7 41. Qxc3 Qxb7+ 42. f3 Qxf3+ 43. Qxf3 Nxf3 44.
Kxf3 Kf6 45. Kf4 Ke6 46. Kg5 h5 47. h3 Ke5 48. g4 hxg4 49. Kxg4 f6 50. h4 Ke4 51. Kg3 f5 52. Kh3 Kf4 53. h5 gxh5 54. Kh4 Ke3 55. Kg3 f4+ 56. Kg2 f3+ 57. Kf1 h4 58.
Kg1 h3 59. Kh1 f2 60. Kh2 f1=Q 61. Kg3 Qg2+ 62. Kh4 h2 63. Kh5 h1=R# 0-1

[Event "Early-Titled-Tuesday-Blitz-October-24-2023"]
[Site "Chess.com"]
[Date "2023.10.24"]
[Round "2"]
[White "sebastianmarinp"]
[Black "Maxterlopez"]
[Result "1-0"]
[WhiteElo "2419"]
[BlackElo "2784"]
[TimeControl "180+1"]
[EndTime "8:15:13 PDT"]
[Termination "sebastianmarinp won on time"]

1. d4 Nf6 2. Nf3 g6 3. Bg5 Bg7 4. Nc3 d5 5. Bxf6 Bxf6 6. e4 dxe4 7. Nxe4 Bg7 8. h3 O-O 9. Bc4 Nc6 10. c3 e5 11. dxe5 Nxe5 12. Nxe5 Bxe5 13. O-O Bf5 14.
Qf3 Qh4 15. Rfe1 Rae8 16. Bd3 Re7 17. Ng3 Bxd3 18. Qxd3 Rfe8 19. Re4 Qf6 20. Rae1 h5 21. R1e3 h4 22. Nf1 Kg7 23. Qe2 Re6 24. Nd2 R6e7 25.
Nc4 1-0

[Event "Early-Titled-Tuesday-Blitz-October-24-2023"]
[Site "Chess.com"]
[Date "2023.10.24"]
[Round "2"]
[White "abhidabhi"]
[Black "PapiPapita"]
[Result "1-0"]
[WhiteElo "2880"]
[BlackElo "2575"]
[TimeControl "180+1"]
[EndTime "8:15:15 PDT"]
[Termination "abhidabhi won by resignation"]

1. Nf3 b6 2. e4 Bb7 3. Nc3 c5 4. d4 cxd4 5. Nxd4 e6 6. Be3 a6 7.
Qd2 Bb4 8. a3 Be7 9. O-O-O d6 10.
g4 Nf6 11. f3 Qc7 12. h4 Nc6 13. Nxc6 Bxc6 14. g5 Nd7 15. h5 b5 16. Rg1 Ne5 17. Be2 Rb8 18. f4 Nc4 19. Bxc4 bxc4 20. Qd4 Qb7 21. h6 Rg8 22. hxg7 Qxb2+ 23. Kd2 e5 24. Qxc4 Qb7 25. Rb1 Bb5 26. Qd5 Qc7 27. Nxb5 axb5 28. f5 Rc8 29. Qxb5+ Kd8 30. Bb6 1-0

[Event "Early-Titled-Tuesday-Blitz-October-24-2023"]
[Site "Chess.com"]
[Date "2023.10.24"]
[Round "2"]
[White "slorovel"]
[Black "CSB7"]
[Result "1/2-1/2"]
[WhiteElo "2468"]
[BlackElo "2736"]
[TimeControl "180+1"]
[EndTime "8:15:15 PDT"]
[Termination "Game drawn by repetition"]

1. e4 e6 2. d4 d5 3. exd5 exd5 4. Bd3 Nf6 5. Nf3 c5 6. O-O c4 7. Re1+ Be7 8. Bf1 O-O 9. b3 cxb3 10. axb3 Nc6 11.
Bb2 Bg4 12. Nbd2 Re8 13. h3 Bh5 14. Be2 Bd6 15. Nf1 Ne4 16. c3 Qc7 17. Ne3 Nxf2 18.
Nxd5 Bh2+ 19. Nxh2 Qg3 20. Qd2 Nxh3+ 21. Kh1 Nf2+ 22.
Kg1 Nh3+ 23. Kh1 Nf2+ 24. Kg1 Nh3+ 1/2-1/2

[Event "Early-Titled-Tuesday-Blitz-October-24-2023"]
[Site "Chess.com"]
[Date "2023.10.24"]
[Round "2"]
[White "Sokoloco"]
[Black "SARGISMV"]
[Result "1-0"]
[WhiteElo "2709"]
[BlackElo "2423"]
[TimeControl "180+1"]
[EndTime "8:15:15 PDT"]
[Termination "Sokoloco won by resignation"]

1. b3 Nf6 2. Bb2 a5 3. e3 a4 4. b4 d6 5. a3 c5 6. b5 Nbd7 7. c4 Nb6 8. d4 Bf5 9. Nf3 e6 10. Bd3 Bxd3 11. Qxd3 Qc7 12. Nbd2 Be7 13. O-O O-O 14. dxc5 Qxc5 15. Rac1 Rfd8 16. Ne4 Nxe4 17. Qxe4 d5 18. Qg4 Bf8 19. Bd4 Qc7 20. cxd5 Qd6 21.
Bc5 Qxc5 22. Rxc5 Bxc5 23. dxe6 Bxa3 24. exf7+ Kh8 25. Ng5 Rd6 26. Ne6 Rxe6 27. Qxe6 Bf8 28. Qxb6 1-0

[Event "Early-Titled-Tuesday-Blitz-October-24-2023"]
[Site "Chess.com"]
[Date "2023.10.24"]
[Round "2"]
[White "Firouzja2003"]
[Black "El_Matador12"]
[Result "1-0"]
[WhiteElo "3095"]
[BlackElo "2622"]
[TimeControl "180+1"]
[EndTime "8:15:21 PDT"]
[Termination "Firouzja2003 won by resignation"]

1. d4 Nf6 2. Nc3 d5 3. Bf4 c6 4. e3 Qb6 5. a3 Bf5 6. Nf3 e6 7.
b4 Be7 8. Ne5 h5 9. Na4 Qd8 10.
Nc5 b6 11. Na6 Qc8 12. Nc7+ Qxc7 13. Nxf7 Qxf4 14. exf4 Kxf7 15. Bd3 Nbd7 16. O-O Bd6 17. g3 h4 18. Re1 hxg3 19. hxg3 Ne4 20. Qf3 Rh3 21.
Bxe4 dxe4 22. Rxe4 Bxe4 23. Qxe4 Nf6 24. Qxc6 Rah8 25.
Re1 Rh1+ 26. Qxh1 Rxh1+ 27. Kxh1 b5 28. Kg2 Nd5 29. Kf3 Bc7 30. Ke4 a5 31. Kd3 axb4 32.
axb4 Nxb4+ 33. Kd2 Nd5 34. Ra1 Bb6 35. c3 b4 36. c4 Bxd4 37. Ra4 Bc3+ 38. Kd3 Nb6 39. Ra7+ Kf6 40. c5 Nd5 41. c6 b3 42. c7 b2 43. Rb7 Nb4+ 44. Rxb4 Bxb4 45. Kc2 1-0

[Event "Early-Titled-Tuesday-Blitz-October-24-2023"]
[Site "Chess.com"]
[Date "2023.10.24"]
[Round "2"]
[White "vasblesk"]
[Black "Fh2411"]
[Result "1-0"]
[WhiteElo "2776"]
[BlackElo "2522"]
[TimeControl "180+1"]
[EndTime "8:15:21 PDT"]
[Termination "vasblesk won by resignation"]

1. Nf3 d5 2. g3 c6 3. Bg2 Bf5 4. O-O e6 5. d3 Nf6 6. Nbd2 Be7 7. Qe1 h6 8. e4 Bh7 9. b3 O-O 10.
Bb2 a5 11. a4 Na6 12. Qe2 Nb4 13. Ne1 Bc5 14. Kh1 b5 15. d4 Be7 16. e5 Nd7 17. c3 Nc2 18. Nxc2 Bxc2 19. axb5 cxb5 20. Rfc1 Bg6 21.
Qxb5 Qc7 22. Ba3 Rfb8 23. Qe2 Bxa3 24. Rxa3 Ra7 25. c4 dxc4 26. Nxc4 Nb6 27. Qa2 Nd5 28.
Rxa5 Rab7 29. Rc5 Qd8 30. Na5 Nb4 31. Nxb7 Nxa2 32. Nxd8 Nxc1 33. Nc6 1-0

[Event "Early-Titled-Tuesday-Blitz-October-24-2023"]
[Site "Chess.com"]
[Date "2023.10.24"]
[Round "2"]
[White "Ykow"]
[Black "DKmirl"]
[Result "1-0"]
[WhiteElo "2522"]
[BlackElo "2289"]
[TimeControl "180+1"]
[EndTime "8:15:22 PDT"]
[Termination "Ykow won by checkmate"]

1. g4 d5 2. c4 c6 3. Bg2 g6 4.
cxd5 cxd5 5. Nc3 e6 6. h4 h5 7. gxh5 Rxh5 8. Nf3 Be7 9. e4 Bxh4 10. exd5 Be7 11.
Rxh5 gxh5 12. dxe6 Bxe6 13. Ne5 Qc7 14. Qxh5 Nd7 15.
d4 Nxe5 16. Qxe5 Qxe5+ 17. dxe5 O-O-O 18. Be3 Kb8 19. Rd1 Rxd1+ 20. Kxd1 Bb4 21. Nd5 Bf8 22.
a3 Ne7 23. Bc5 Nxd5 24. Bxf8 Nf4 25. Bd6+ Kc8 26. Bf1 Ng6 27. Kd2 a6 28. Ke3 Kd7 29. f4 Ne7 30. Bxe7 Kxe7 31. Bd3 f6 32. Kd4 fxe5+ 33.
Kxe5 Bd7 34. f5 Bc6 35. f6+ Kf8 36. Be4 Kf7 37. Bxc6 bxc6 38. b4 Kf8 39. Ke6 Ke8 40. f7+ Kf8 41. Kf6 c5 42. bxc5 a5 43. c6 a4 44. Ke6 Kg7 45. c7 Kh7 46. c8=Q Kh6 47.
Qg8 Kh5 48. f8=Q Kh4 49. Qh6# 1-0

[Event "Early-Titled-Tuesday-Blitz-October-24-2023"]
[Site "Chess.com"]
[Date "2023.10.24"]
[Round "2"]
[White "Lady_Nika"]
[Black "LuisFSiles"]
[Result "0-1"]
[WhiteElo "2490"]
[BlackElo "2274"]
[TimeControl "180+1"]
[EndTime "8:15:23 PDT"]
[Termination "LuisFSiles won by checkmate"]

1. c4 Nf6 2. Nc3 g6 3. d4 d5 4. e3 Bg7 5. Nf3 O-O 6. cxd5 Nxd5 7. Bc4 Nb6 8. Bb3 Nc6 9. O-O e5 10. d5 Na5 11. e4 Nxb3 12. Qxb3 c6 13. Rd1 cxd5 14.
Nxd5 Nxd5 15. exd5 e4 16. Nd2 Re8 17. Nc4 Bg4 18.
f3 exf3 19. gxf3 Qh4 20. Bf4 Re2 21. Kh1 Qf2 22. Bg3 Qg2# 0-1

[Event "Early-Titled-Tuesday-Blitz-October-24-2023"]
[Site "Chess.com"]
[Date "2023.10.24"]
[Round "2"]
[White "ural58"]
[Black "publicaccountcze"]
[Result "0-1"]
[WhiteElo "2535"]
[BlackElo "2353"]
[TimeControl "180+1"]
[EndTime "8:15:26 PDT"]
[Termination "publicaccountcze won by resignation"]

1. e4 e6 2. d4 d5 3. Nc3 Bb4 4. Ne2 Ne7 5. a3 Bxc3+ 6. Nxc3 O-O 7. g3 b6 8. Bg2 Bb7 9. O-O Nd7 10. Bg5 c6 11.
Qd2 Ba6 12. Rfe1 f6 13. Be3 Ng6 14. h4 Ne7 15. Rad1 Qe8 16. Ne2 Rc8 17. Nf4 Qf7 18. c3 Ng6 19. Bh3 Nxf4 20. Bxf4 Rfe8 21. Qc2 Bb7 22.
c4 Nf8 23. a4 Rcd8 24. Qb3 dxe4 25. Rxe4 c5 26. Ree1 cxd4 27. Bd2 e5 28. Bb4 Bc8 29. Bg2 Bb7 30. a5 Bxg2 31. Kxg2 Qb7+ 32. Kg1 bxa5 33. c5+ Kh8 34. Qf7 Qxf7 0-1

[Event "Early-Titled-Tuesday-Blitz-October-24-2023"]
[Site "Chess.com"]
[Date "2023.10.24"]
[Round "2"]
[White "Slovak_fighter2000"]
[Black "ChessBliss09"]
[Result "1-0"]
[WhiteElo "2428"]
[BlackElo "2028"]
[TimeControl "180+1"]
[EndTime "8:15:27 PDT"]
[Termination "Slovak_fighter2000 won by checkmate"]

1. d4 Nf6 2. Nf3 d5 3. c4 e6 4. g3 Bb4+ 5. Bd2 Be7 6. Bg2 O-O 7. O-O c6 8. Qc2 b6 9. Bf4 Bb7 10. Nbd2 Nbd7 11. e4 dxe4 12. Nxe4 Nxe4 13. Qxe4 Nf6 14. Qe2 c5 15. Rad1 Qc8 16. d5 Rd8 17. Rfe1 Bd6 18.
dxe6 Bxf4 19. exf7+ Kxf7 20. gxf4 Rxd1 21. Rxd1 Qe8 22.
Ne5+ Kg8 23. Bxb7 Rd8 24. Rxd8 Qxd8 25. Qd3 Qc7 26. Bd5+ Nxd5 27. Qxd5+ Kf8 28. Qa8+ Ke7 29. Qxa7 Qxa7 30. Nc6+ Kf6 31. Nxa7 Kf5 32. Nc8 Kxf4 33. Nxb6 Ke4 34. a4 Kd4 35. a5 Kd3 36. a6 Kc2 37. a7 Kxb2 38. a8=Q Kc3 39. Qa3+ Kd4 40. Qe3# 1-0

[Event "Early-Titled-Tuesday-Blitz-October-24-2023"]
[Site "Chess.com"]
[Date "2023.10.24"]
[Round "2"]
[White "twofoxniel"]
[Black "OparinGrigoriy"]
[Result "0-1"]
[WhiteElo "2604"]
[BlackElo "2980"]
[TimeControl "180+1"]
[EndTime "8:15:28 PDT"]
[Termination "OparinGrigoriy won by resignation"]

1. e4 c5 2. c3 Nf6 3. e5 Nd5 4. d4 cxd4 5. cxd4 Nc6 6. Nf3 d6 7. Bc4 dxe5 8. Nxe5 e6 9. Nxc6 bxc6 10. O-O Be7 11.
Nc3 O-O 12. Ne4 a5 13. Re1 Ba6 14. b3 Nb6 15. Bxa6 Rxa6 16. Bf4 Nd5 17. Be5 f6 18. Bg3 Qd7 19. Rc1 a4 20. Qe2 Rfa8 21. h3 axb3 22. axb3 Ra2 23. Qc4 R8a6 24. Rc2 Kf7 25. Rec1 Rxc2 26.
Qxc2 Nb4 27. Qc4 Qd5 28. Qe2 Ra2 29. Qf3 Nc2 30. h4 Nxd4 31. Qg4 Ne2+ 32. Kh2 Nxc1 33.
Nc3 Qf5 34. Qc4 Rc2 0-1

[Event "Early-Titled-Tuesday-Blitz-October-24-2023"]
[Site "Chess.com"]
[Date "2023.10.24"]
[Round "2"]
[White "ZeGood_ZeBad_ZeUgly"]
[Black "louis198"]
[Result "0-1"]
[WhiteElo "2342"]
[BlackElo "2672"]
[TimeControl "180+1"]
[EndTime "8:15:29 PDT"]
[Termination "louis198 won on time"]

1. Nf3 d5 2. g3 g6 3. Bg2 Bg7 4. d4 e6 5. O-O Ne7 6. c4 O-O 7.
Qc2 Nbc6 8. Rd1 a5 9. a3 Nf5 10.
cxd5 exd5 11. Nc3 Ncxd4 12. Nxd4 Nxd4 13. Qb1 Bf5 14. Qa2 Bc2 15. Rd2 Bb3 16. Qb1 Ne6 17. Nxd5 c6 18. Nc3 Qb6 19. Rd7 Rad8 20. Rxd8 Rxd8 21.
Be3 Qa6 22. Qe1 Nd4 23. Bxd4 Bxd4 24. e3 Bf6 25. Rb1 a4 26. Bf1 Qa5 27. Ne4 Qf5 28. Nxf6+ Qxf6 29. Qa5 Kg7 30. Qc7 g5 31. Qxb7 Rd2 32.
f4 gxf4 33. gxf4 Qh4 0-1

[Event "Early-Titled-Tuesday-Blitz-October-24-2023"]
[Site "Chess.com"]
[Date "2023.10.24"]
[Round "2"]
[White "lefonghua"]
[Black "WFM_Sara_Adel"]
[Result "1-0"]
[WhiteElo "2655"]
[BlackElo "2190"]
[TimeControl "180+1"]
[EndTime "8:15:34 PDT"]
[Termination "lefonghua won by resignation"]

1. d4 Nf6 2. c4 g6 3. Nc3 Bg7 4. e4 d6 5. f4 Nbd7 6. Nf3 c5 7. d5 Qa5 8. Bd2 Qb6 9. Rb1 e5 10. fxe5 Nxe5 11. Nxe5 dxe5 12. Be2 O-O 13. O-O Ne8 14.
Be3 Qc7 15. a3 a6 16. b4 b6 17.
bxc5 bxc5 18. Na4 Nd6 19. Nxc5 f5 20. Qc2 fxe4 21. Rxf8+ Bxf8 22. Nb3 Nf5 23. Qxe4 Rb8 24. Bf2 a5 25. c5 a4 26. Qxa4 Bxc5 27. Bxc5 Rxb3 28.
Qe8+ 1-0

[Event "Early-Titled-Tuesday-Blitz-October-24-2023"]
[Site "Chess.com"]
[Date "2023.10.24"]
[Round "2"]
[White "dianamirza"]
[Black "karinachess1"]
[Result "0-1"]
[WhiteElo "2025"]
[BlackElo "2640"]
[TimeControl "180+1"]
[EndTime "8:15:42 PDT"]
[Termination "karinachess1 won by resignation"]

1. d4 Nf6 2. Nf3 g6 3. c4 Bg7 4. Nc3 O-O 5. e4 d6 6. h3 c6 7. Be3 a6 8. Qd2 b5 9. Bd3 Nbd7 10. O-O bxc4 11. Bxc4 d5 12. exd5 Nb6 13. Bb3 cxd5 14. Ne5 Be6 15. Bh6 a5 16. Bxg7 Kxg7 17. a4 Nc4 18. Qe2 Qb6 19. Nb5 Rac8 20. Rac1 Nd6 21. Nxd6 Rxc1 22. Rxc1 exd6 23. Rc6 Qxb3 24. Rxd6 Qxa4 25.
Qa6 Qxd4 26. Nf3 Qxb2 27. Qxa5 Ne4 28. Qe1 Nxd6 0-1